 Dungeon Crawl Stone Soup version 0.23-a0-183-gf37f6fb (webtiles) character file.

2 mhoghedin the Ruffian (level 1, -1/16 HPs)
             Began as a Centaur Transmuter on Sept 22, 2018.
             Slain by a hobgoblin
             ... wielding a +0 club
              (3 damage)
             ... on level 1 of the Dungeon.
             The game lasted 00:00:29 (107 turns).

mhoghedin the Ruffian (Centaur Transmuter)           Turns: 107, Time: 00:00:29

Health: -1/16      AC:  4    Str: 12    XL:     1   Next: 33%
Magic:  3/3        EV:  9    Int: 12    God:
Gold:   0          SH:  0    Dex:  9    Spells: 2/3 levels left

rFire    . . .     SeeInvis .     - Unarmed
rCold    . . .     Gourm    .   (no shield)
rNeg     . . .     Faith    .   b - +0 robe
rPois    .         Spirit   .   (no helmet)
rElec    .         Reflect  .   (no cloak)
rCorr    .         Harm     .   (no gloves)
MR       .....                  (no barding)
Stlth    +.........             (no amulet)
HPRegen  0.05/turn              (no ring)
MPRegen  0.08/turn              (no ring)

@: very quick
A: large, hooves 3, deformed body, speed 2, tough skin 3
a: no special abilities


You were on level 1 of the Dungeon.
You were not hungry.

You visited 1 branch of the dungeon, and saw 1 of its levels.

Inventory:

Missiles
 a - 12 arrows
Armour
 b - a +0 robe (worn)
Scrolls
 e - a scroll of identify {unknown}
Potions
 c - a potion of degeneration {unknown}
Comestibles
 d - a ration


   Skills:
 + Level 1.2 Fighting
 - Level 1.3 Dodging
 + Level 3.1 Unarmed Combat
 - Level 1.5 Spellcasting
 - Level 1.7 Transmutations


You had 2 spell levels left.
You knew the following spells:

 Your Spells              Type           Power        Failure   Level  Hunger
a - Beastly Appendage     Tmut           #.....       14%         1    ##.....

Your spell library contained the following spells:

 Spells                   Type           Power        Failure   Level  Hunger
 Sticks to Snakes         Tmut           #.......     22%         2    ###....
 Spider Form              Tmut/Pois      #.........   52%         3    ####...
 Ice Form                 Ice/Tmut       #.......     89%         4    #####..
 Blade Hands              Tmut           #.........   98%         5    ######.


Dungeon Overview and Level Annotations

Branches:
Dungeon (1/15)

Altars:
Ashenzari


Innate Abilities, Weirdness & Mutations

You have hooves in place of feet.
Armour fits poorly on your strangely shaped body.
You cover ground very quickly.
You have extremely tough skin. (AC +3)


Message History

Welcome, mhoghedin the Centaur Transmuter.
Will you be the one to retrieve the fabulous Orb of Zot from the depths?
Found a silvery potion.
Found a staircase leading out of the dungeon.
c - a silvery potion;
e - a scroll labeled EREOSE NOGRIXT
Found a glowing spear.
No target in view!
A rat comes into view.
A rat comes into view.
The rat bites you but does no damage.
You hit the rat but do no damage. The rat bites you but does no damage.
You hit the rat.
You kill the rat!
You barely miss the rat. The rat bites you but does no damage.
You closely miss the rat. The rat bites you but does no damage.
You hit the rat.
You kill the rat!
No target in view!
No target in view!
No target in view!
No target in view!
No target in view!
No target in view!
No target in view!
No target in view!
No target in view!
A rat comes into view.
A rat is nearby!
A bat comes into view.
You hit the rat.
You kill the rat!
The bat hits you but does no damage.
You hit the bat. You kick the bat.
You kill the bat!
No target in view!
No target in view!
No target in view!
No target in view!
No target in view!
No target in view!
No target in view!
Found a stone staircase leading down.
Found a shattered altar of Ashenzari.
No target in view!
No target in view!
No target in view!
No target in view!
No target in view!
No target in view!
A hobgoblin comes into view. It is wielding a club.
The hobgoblin shouts!
A hobgoblin comes into view. It is wielding a club.
The hobgoblin hits you but does no damage.
You closely miss the hobgoblin.
The hobgoblin shouts!
The hobgoblin hits you with a club.
You take 4 damage, and have 12/16 hp.
MASSIVE DAMAGE!!
You barely miss the hobgoblin. Your kick misses the hobgoblin.
The hobgoblin hits you with a club.
You take 3 damage, and have 9/16 hp.
You are too injured to fight recklessly!
You are too injured to fight recklessly!
Unknown command.
You barely miss the hobgoblin. You barely miss the hobgoblin.
The hobgoblin closely misses you. The hobgoblin hits you with a club.
You take 3 damage, and have 6/16 hp.
You closely miss the hobgoblin. The hobgoblin hits you with a club.
* * * LOW HITPOINT WARNING * * *
The hobgoblin hits you but does no damage.
You take 3 damage, and have 3/16 hp.
You hit the hobgoblin but do no damage. Your kick misses the hobgoblin.
The hobgoblin hits you with a club.
* * * LOW HITPOINT WARNING * * *
You take 1 damage, and have 2/16 hp.
Unknown command.
Sorry, you're not good enough to have a special ability.
Unknown command.
Unknown command.
A hobgoblin is nearby!
Unknown command.
Unknown command.
Unknown command.
You are too injured to fight recklessly!
You are too injured to fight recklessly!
The hobgoblin hits you but does no damage.
You hit the hobgoblin. The hobgoblin hits you with a club.
You die...

## #..# #.#
.###..#####.## .# .#
#........ ... .. ..
#.....### #(# .# .#
#.....#####.######.#..#
.††...##...........#..#
......................#
#.##.###.##.#.#.#..#..#
#............###@g....#
#..#.##...###.#.#g.####
#.......#.# ##.##..#
#.#...#...# ####..#
#>#...##..# #..#
#.##...# .# #..#
#.##.#.# . ...# #. .._.
##.# .#


You could see 2 hobgoblins.

Vanquished Creatures
  A bat (D:1)
  3 rats (D:1)
4 creatures vanquished.

Notes
Turn   | Place    | Note
-------+----------+-------------------------------------------
     0 | D:1      | mhoghedin the Centaur Transmuter began the quest for the
                  | Orb.
     0 | D:1      | Reached XP level 1. HP: 16/16 MP: 3/3
    77 | D:1      | Found a shattered altar of Ashenzari.
   100 | D:1      | HP: 3/16 [hobgoblin/club (3)]
   107 | D:1      | Slain by a hobgoblin

Vault maps used:
D:1:      minmay_arrival_pointy, minivault_24, serial_bayou_lagoon_a,
          ashenzari_altar_1

Action                   || total
-------------------------++-------
Melee: Unarmed           ||    14
       Kick              ||     1
Armor: Robe              ||     8
Dodge: Dodged            ||     1

Table legend:
 A = Non-vault XP
 B = Vault XP
 C = Vault XP percentage of total XP
 D = Non-vault monster count
 E = Vault monster count
 F = Vault count percentage of total count
                 A         B        C        D         E       F
            +---------+---------+-------+---------+---------+-------
      Total |       4 |       0 |   0.0 |       4 |       0 |   0.0
            +---------+---------+-------+---------+---------+-------
        D:1 |       4 |       0 |   0.0 |       4 |       0 |   0.0
            +---------+---------+-------+---------+---------+-------

Vault maps used:
D:1:      minmay_arrival_pointy, minivault_24, serial_bayou_lagoon_a,
          ashenzari_altar_1

Table legend:
 A = Turns spent in this place as a percentage of turns spent in the entire game.
 B = Non-inter-level travel turns spent in this place as a percentage of non-inter-level travel turns spent in the entire game.
 C = Inter-level travel turns spent in this place as a percentage of turns spent in this place.
 D = Turns resting spent in this place as a percentage of non-inter-level travel turns spent in this place.
 E = Turns spent auto-exploring this place as a percentage of non-inter-level travel turns spent in this place.
 F = Non-inter-level travel turns spent in this place divided by the number of levels of this place that you've seen.
                   A       B       C       D       E      F
               +-------+-------+-------+-------+-------+----------------------
         Total | 100.0 | 100.0 |   0.0 |   0.0 |  72.9 | 107.0
       Dungeon | 100.0 | 100.0 |   0.0 |   0.0 |  72.9 | 107.0
               +-------+-------+-------+-------+-------+----------------------

Table legend:
 A = Kills in this place as a percentage of kills in entire the game.
 B = Kills by you in this place as a percentage of kills by you in the entire game.
 C = Kills by friends in this place as a percentage of kills by friends in the entire game.
 D = Other kills in this place as a percentage of other kills in the entire game.
 E = Experience gained in this place as a percentage of experience gained in the entire game.
 F = Experience gained in this place divided by the number of levels of this place that you have seen.
                   A       B       C       D       E      F
               +-------+-------+-------+-------+-------+----------------------
         Total | 100.0 | 100.0 |   N/A |   N/A | 100.0 |   4.0
       Dungeon | 100.0 | 100.0 |   N/A |   N/A | 100.0 |   4.0
               +-------+-------+-------+-------+-------+----------------------
